 Dungeon Crawl Stone Soup version 0.29.0-10-g45618ea6d2 (webtiles) character file.

Game seed: 13504625067100232210

350148 Anothat the Hoplite (level 23, 0/189 HPs)
             Began as a Formicid Fighter on Sept 1, 2022.
             Was a High Priest of Nemelex Xobeh.
             Slain by an ettin
             ... wielding a +0 dire flail
              (38 damage)
             ... on level 4 of the Vaults.
             The game lasted 02:33:11 (50726 turns).

Anothat the Hoplite (Formicid Fighter)             Turns: 50726, Time: 02:33:11

Health: 0/189      AC: 24    Str: 32    XL:     23   Next: 22%
Magic:  32/40      EV: 10    Int: 12    God:    Nemelex Xobeh [*****.]
Gold:   837        SH: 31    Dex: 17    Spells: 22/22 levels left

rFire   + + +      SeeInvis +   C - +5 battleaxe (flame)
rCold   + + .      Faith    .   E - +1 tower shield {AC+3}
rNeg    + . .      Spirit   .   T - +4 fire dragon scales {Xtahua}
rPois   +          Reflect  +   (helmet unavailable)
rElec   +          Harm     .   q - scarf {rC+ rF+}
rCorr   +          Rampage  .   v - +0 pair of gloves of Gehenna {Int+4 Stlth+}
Will    ++...                   M - +0 pair of boots
Stlth   +.........              a - amulet of Acaebbea {Reflect -Tele Dex+4 Slay+2 SH+5}
HPRegen 0.41/turn               t - ring "Riut Doi" {rC+ rN+ rCorr MP+9}
MPRegen 0.27/turn               P - ring of poison resistance

@: resistant, studying Unarmed Combat, invisible
A: permanent stasis, dig shafts and tunnels, antennae 3, four strong arms, frail
1, mutation resistance 1
}: 2/15 runes: barnacled, gossamer
a: Dig, Shaft Self, Renounce Religion, Draw Escape, Draw Destruction, Draw
Summoning, Triple Draw, Deal Four, Stack Five


You were on level 4 of the Vaults.
You worshipped Nemelex Xobeh.
Nemelex Xobeh was extremely pleased with you.
You visited 7 branches of the dungeon, and saw 37 of its levels.
You also visited: Sewer, Bailey and Ice Cave.

You collected 4236 gold pieces.
You spent 3399 gold pieces at shops.

Inventory:

Hand Weapons
 b - a +5 battleaxe of draining
 w - a +1 broad axe of electrocution
 C - a +5 battleaxe of flaming (weapon)
Missiles
 F - 4 throwing nets
Armour
 q - a scarf of resistance (worn)
 v - the +0 pair of gloves of Gehenna (worn) {Int+4 Stlth+}
   (You found it on level 2 of the Shoals)

   Int:       It affects your intelligence (+4).
   Stlth:     It makes you more stealthy.
 E - a +1 tower shield of protection (worn)
 M - a +0 pair of boots (worn)
 T - +4 fire dragon scales (worn) {Xtahua}
 Y - a +0 cloak of willpower
Jewellery
 a - the amulet of Acaebbea (around neck) {Reflect -Tele Dex+4 Slay+2 SH+5}
   (You bought it in a shop on level 2 of the Elven Halls)

   [amulet of reflection]

   It reflects blocked missile attacks.
   Dex:       It affects your dexterity (+4).
   Slay:      It affects your accuracy & damage with ranged weapons and melee
   (+2).
   -Tele:     It prevents most forms of teleportation.
   SH:        It affects your SH (+5).
 f - a +6 ring of intelligence
 g - a ring of protection from cold
 j - a ring of protection from cold
 l - a ring of protection from cold
 o - an amulet of the acrobat
 t - the ring "Riut Doi" (left hand) {rC+ rN+ rCorr MP+9}
   (You bought it in a shop on level 3 of the Vaults)

   [ring of resist corrosion]

   rC:        It protects you from cold.
   rN:        It protects you from negative energy.
   MP:        It affects your magic capacity (+9).
   rCorr:     It protects you from acid and corrosion.
 B - the amulet "Ahemillu" {Acrobat Fragile +Blink rElec Dex-5}
   (You took it off an ironbound thunderhulk on level 4 of the Vaults)

   [amulet of the acrobat]

   It increases your evasion while moving and waiting.
   Dex:       It affects your dexterity (-5).
   rElec:     It insulates you from electricity.
   +Blink:    It lets you blink.
   Fragile:   It will be destroyed if unequipped.
 I - a +6 ring of dexterity
 J - an amulet of guardian spirit
 L - a ring of positive energy
 P - a ring of poison resistance (right hand)
 Q - the ring of Duesonyu {+Blink rN+ Str+4 SInv Stlth-}
   (You found it in an ice cave)

   [ring of positive energy]

   Str:       It affects your strength (+4).
   rN:        It protects you from negative energy.
   SInv:      It lets you see invisible.
   +Blink:    It lets you blink.
   Stlth:     It makes you less stealthy.
 S - a ring of willpower
Wands
 c - a wand of quicksilver (4)
 x - a wand of paralysis (16)
 y - a wand of polymorph (15)
 A - a wand of flame (71)
 N - a wand of mindburst (10)
 W - a wand of digging (2)
 Z - a wand of iceblast (8)
Scrolls
 s - 2 scrolls of butterflies
 D - 6 scrolls of amnesia
 H - 3 scrolls of silence
 R - 26 scrolls of identify
 U - 4 scrolls of fear
 V - 2 scrolls of magic mapping
 X - 4 scrolls of poison
Potions
 d - 2 potions of might
 e - 5 potions of mutation
 h - 4 potions of attraction
 i - 2 potions of resistance
 k - a potion of invisibility
 m - 8 potions of brilliance
 n - 2 potions of cancellation
 p - 14 potions of curing
 r - 6 potions of lignification
 G - 6 potions of flight
 K - 2 potions of magic
 O - 11 potions of ambrosia
Miscellaneous
 u - a condenser vane (inert)
 z - a phantom mirror (inert)


   Skills:
 * Level 24.4 Fighting
 + Level 20.5 Axes
 + Level 15.8 Armour
 + Level 26.6 Shields
 - Level 11.7 Invocations


You had 22 spell levels left.
You didn't know any spells.
Your spell library contained the following spells:

 Spells                   Type           Power      Damage    Failure   Level
 Apportation              Tloc           0%         N/A       52%         1
 Beastly Appendage        Tmut           0%         N/A       52%         1
 Foxfire                  Conj/Fire      0%         2x1d4     52%         1
 Magic Dart               Conj           0%         1d3       52%         1
 Necrotise                Necr           0%         1d4       52%         1
 Summon Small Mammal      Summ           0%         N/A       52%         1
 Call Imp                 Summ           0%         N/A       65%         2
 Ensorcelled Hibernation  Hex/Ice        0%         N/A       65%         2
 Passwall                 Tmut/Erth      0%         N/A       65%         2
 Poisonous Vapours        Pois/Air       0%         N/A       65%         2
 Static Discharge         Conj/Air       0%         3-3/arc   65%         2
 Wereblood                Tmut           0%         N/A       65%         2
 Call Canine Familiar     Summ           0%         N/A       87%         3
 Conjure Flame            Conj/Fire      0%         6-21      87%         3
 Gell's Gravitas          Tloc           0%         N/A       87%         3
 Inner Flame              Hex/Fire       0%         N/A       87%         3
 Lesser Beckoning         Tloc           0%         N/A       87%         3
 Mephitic Cloud           Conj/Pois/Air  0%         N/A       87%         3
 Ozocubu's Armour         Ice            0%         N/A       87%         3
 Portal Projectile        Hex/Tloc       0%         N/A       87%         3
 Spider Form              Tmut/Pois      0%         N/A       87%         3
 Stone Arrow              Conj/Erth      0%         3d7       87%         3
 Teleport Other           Tloc           0%         N/A       87%         3
 Airstrike                Air            0%         2d(0-16)  99%         4
 Anguish                  Hex/Necr       0%         N/A       99%         4
 Animate Dead             Necr           0%         N/A       99%         4
 Corpse Rot               Necr/Pois/Air  0%         N/A       99%         4
 Flame Wave               Conj/Fire      0%         2d4       99%         4
 Fulminant Prism          Conj/Hex       0%         3d6       99%         4
 Hailstorm                Conj/Ice       0%         3d3       99%         4
 Ice Form                 Ice/Tmut       0%         N/A       99%         4
 Leda's Liquefaction      Hex/Erth       0%         N/A       99%         4
 Passage of Golubria      Tloc           0%         N/A       99%         4
 Summon Lightning Spire   Summ/Air       0%         N/A       99%         4
 Borgnjor's Vile Clutch   Necr/Erth      0%         N/A       100%        5
 Freezing Cloud           Conj/Ice/Air   0%         6-21      100%        5
 Irradiate                Conj/Tmut      0%         3d11      100%        5
 Lee's Rapid Deconstruct  Erth           0%         3d5*      100%        5
 Lightning Bolt           Conj/Air       0%         1d11      100%        5
 Manifold Assault         Tloc           0%         N/A       100%        5
 Silence                  Hex/Air        0%         N/A       100%        5
 Death Channel            Necr           0%         N/A       100%        6
 Dispersal                Tloc           0%         N/A       100%        6
 Iron Shot                Conj/Erth      0%         9d1       100%        6
 Simulacrum               Ice/Necr       0%         N/A       100%        6
 Statue Form              Tmut/Erth      0%         N/A       100%        6
 Ozocubu's Refrigeration  Ice            0%         4d7       100%        7
 Lehudib's Crystal Spear  Conj/Erth      0%         10d2      100%        8
 Maxwell's Capacitive Co  Air            0%         ∞         100%        8
 Polar Vortex             Ice            0%         N/A       100%        9
 Blink                    Tloc           Unusable   N/A       N/A         2
 Swiftness                Air            Unusable   N/A       N/A         3

Dungeon Overview and Level Annotations

Branches:
Dungeon (15/15)            Temple (0/1) D:4            Lair (5/5) D:11
 Shoals (4/4) Lair:2       Spider (4/4) Lair:2        Slime (0/5) Lair:4
    Orc (2/2) D:11            Elf (2/3) Orc:2        Vaults (4/5) D:13
  Crypt (0/3) Vaults:3     Depths (0/4) D:15          Sewer (visited)
 Bailey (visited)           IceCv (visited)

Altars:
Ashenzari
Cheibriados
Dithmenos
Elyvilon
Fedhas
Gozag
Nemelex Xobeh
Zin
The Shining One
Jiyva

Shops:
D:2 [   D:4 *   Orc:2 !([*=   Elf:1 [   Elf:2 =   Shoals:2 (   Vaults:1 !![
Vaults:3 =

Annotations:
D:3 3 runed translucent doors, diceflayer's ghost, amateur DsFi
D:9 3 runed translucent doors, sanka's ghost, novice TrCA
D:14 4 runed translucent doors
Abyss:1 Azrael


Innate Abilities, Weirdness & Mutations

You cannot be hasted, slowed, berserked, paralysed or teleported.
You can dig through walls and to a lower floor.
You have a pair of large antennae on your head. (SInv)
Your four strong arms can wield two-handed weapons with a shield.
You are frail. (-10% HP)
You are somewhat resistant to further mutation.


Message History

The yaktaur captain shouts!
You hear a shout! x2
The yaktaur captain shoots a bolt.
The deep elf archer shoots an arrow.
The arrow hits the deep elf zephyrmancer!!
The arrow burns the deep elf zephyrmancer!
The deep elf zephyrmancer dies!
The deep elf high priest shoots an arrow.
The arrow hits the stone giant.
The deep elf high priest shoots an arrow.
You reflect the arrow off an invisible shield around you!
The arrow hits the deep elf high priest.
You block the tengu reaver's attack.
The tengu reaver hits you with a +0 great sword.
The tengu reaver closely misses you.
The tengu reaver claws you but does no damage.
The vault sentinel casts a spell at you.
You barely resist. The stone giant hits you!
* * * LOW HITPOINT WARNING * * *
The yaktaur wields a +0 arbalest.
The yaktaur shoots a bolt.
The bolt hits the ettin!!!
You block the ettin's attack. x2
The ancient lich touches you but does no damage.
The fire giant hits you with a +0 great sword of flaming!
* * * LOW HITPOINT WARNING * * *
The vault warden activates a sealing rune.
You climb upwards.
There is a stone staircase leading down, spattered with blood here.
Things that are here:
a +0 ring mail; a +0 great mace; a +0 chain mail
Okay, then.
You deal a card...
You have dealt the Dance.
You deal a card...
You have dealt the Illusion.
Suddenly you stand beside yourself.
You deal a card...
You have dealt the Illusion.
Suddenly you stand beside yourself.
You deal a card...
You have dealt the Dance.
The deck of cards glows slightly and disappears.
The tengu reaver hits you but does no damage.
The tengu reaver barely misses you. You block the tengu reaver's attack.
The ettin barely misses you.
The ettin hits you with a +0 dire flail!!!
You die...
Your body glows with a rainbow of weird colours and disappears.

### ###'#### #######)#######
#....#...#....#
#...#.....#.>.# ##
#..####'####..########### ≈#
#.###.)...###.##........# ≈#
##.#.#.).#.#@###........#
~###..#..#(#[!#CL##..####''#
..'...'..[#.[[(C@(@..# #..#
.###..#..#.#[[#CQ##..# #..#
~# ##.#.#...#.#.###''####..#
≈# #.###.....###.##.....'..#
## #..####'####..##.....'..#
#.>.#.....#...#########'###
#....#...#....# #.......#
#######.####### #.......#
####'###########.......####


You could see an ancient lich (ally target), a fire giant (ally target), a stone
giant (unable to see you), a tengu reaver, an ettin (unable to see you), 2
friendly dancing weapons and 2 friendly Anothat's illusions.

Vanquished Creatures
  Sojobo (Vaults:4)
  Boris (Vaults:2)
  Nikola (Spider:2)
  Arachne (Spider:3)
  Rupert (D:13)
  2 titans
  A deep elf blademaster (Elf:2)
  A quicksilver dragon (Vaults:4)
  2 sphinxes
  An ancient champion (Vaults:3)
  A shadow dragon (Vaults:4)
  Agnes (Spider:2)
  A storm dragon (Vaults:4)
  3 tengu reavers
  Kirke (D:13)
  2 fire giants
  3 frost giants (Vaults:4)
  A rockslime (Vaults:4)
  14 vault wardens
  3 deep elf sorcerers
  4 emperor scorpions
  2 orc warlords (Orc:2)
  8 ghost moths
  17 ironbound preservers
  2 angels (Vaults:3)
  5 stone giants
  3 very ugly things
  4 broodmothers
  3 ironbound thunderhulks
  A vampire knight (Vaults:3)
  2 minotaurs (Spider:3)
  2 deep elf annihilators
  9 entropy weavers
  2 deep elf demonologists
  11 dire elephants
  3 spark wasps
  A merfolk javelineer (Shoals:3)
  3 merfolk impalers (Shoals:4)
  A fire dragon (Lair:5)
  A crystal guardian (Vaults:2)
  16 yaktaur captains
  Josephine (D:15)
  5 great orbs of eyes
  Fannar (Lair:2)
  9 boulder beetles
  4 hydras
  2 peacekeepers
  3 ogre magi
  3 merfolk avatars
  An alligator snapping turtle (Shoals:2)
  34 vault guards
  A catoblepas (Vaults:3)
  5 radroaches
  10 two-headed ogres
  2 satyrs (Shoals:4)
  6 ironbound frosthearts
  Erica (Orc:1)
  14 dancing weapons (Elf:2)
  18 centaur warriors
  3 merfolk aquamancers
  4 death yaks (Lair:5)
  4 orc high priests
  2 deep elf knights (Elf:2)
  4 hell knights
  Sonja (D:10)
  A shadow wraith (Vaults:3)
  4 skeletal warriors (D:15)
  An iron troll (Vaults:3)
  28 deep trolls
  3 pharaoh ants
  A death drake (Vaults:3)
  A flayed ghost (Vaults:3)
  4 steelbarb worms
  4 sea snakes
  2 deep elf archers (Elf:1)
  8 orb spiders
  2 glowing orange brains
  14 lindwurms
  8 deep elf zephyrmancers
  7 wizards
  19 wolf spiders
  19 ironbound convokers
  A harpy (Vaults:1)
  15 deep elf pyromancers
  6 orc knights
  3 phantasmal warriors
  7 fauns
  4 necromancers
  12 manticores
  31 ugly things
  An oklob plant (D:11)
  3 cyclopes
  A cyclops (shapeshifter) (Vaults:4)
  6 orc sorcerers
  5 moths of wrath
  9 elephants (Lair:4)
  A salamander (shapeshifter) (D:13)
  An elephant (shapeshifter) (Vaults:5)
  A water nymph (Shoals:4)
  2 merfolk sirens (Shoals:1)
  An eye of devastation (Orc:1)
  A molten gargoyle (Lair:5)
  7 gargoyles
  3 black mambas (Lair:5)
  An ice statue (IceCv)
  A black mamba (shapeshifter) (D:13)
  7 cane toads
  A naga mage (D:15)
  2 torpor snails
  19 vault sentinels
  A centaur skeleton (D:15)
  2 rime drakes
  A tengu conjurer (Elf:1)
  An efreet (D:14)
  2 unseen horrors
  4 freezing wraiths
  Maggie (D:8)
  11 demonic crawlers
  23 yaktaurs
  6 komodo dragons
  7 ice devils (IceCv)
  8 merfolk
  3 trolls (D:11)
  4 meliai
  3 wind drakes
  4 polar bears
  5 hornets (Spider:4)
  17 blink frogs
  A tyrant leech (shapeshifter) (Vaults:5)
  27 slime creatures
  25 tarantellas
  6 snapping turtles
  23 jumping spiders
  6 dream sheep (Shoals:2)
  A culicivora (shapeshifter) (Vaults:4)
  3 water elementals
  A vampire (D:10)
  2 shadows
  21 culicivoras
  52 yaks
  7 wyverns
  2 dire elephant simulacra (IceCv)
  A fire bat (Lair:3)
  A fire elemental (Elf:1)
  4 wraiths (D:15)
  4 basilisks
  5 steam dragons
  6 hogs (D:13)
  3 death yak simulacra (IceCv)
  57 redbacks
  2 harpy simulacra (IceCv)
  13 vampire mosquitoes
  6 acid dragons
  6 wargs
  13 water moccasins
  8 hell hounds
  A floating eye (Spider:3)
  A swamp drake (D:11)
  A black bear (D:8)
  3 ice beasts
  38 orc warriors
  A sky beast (D:8)
  10 ogres
  21 wolves
  5 boggarts
  12 centaurs
  4 kobold brigands
  A phantom (D:5)
  10 bullfrogs
  3 necrophages
  5 cane toad simulacra (IceCv)
  7 scorpions
  2 wights (D:8)
  20 killer bees
  6 electric eels
  A howler monkey (D:6)
  8 lava snakes
  3 centaur zombies
  A bullfrog zombie (D:5)
  3 jellies
  25 orc priests
  3 hounds
  A bullfrog skeleton (D:5)
  5 iguanas
  2 scorpion zombies (D:5)
  25 orc wizards
  3 polar bear simulacra (IceCv)
  A troll simulacrum (IceCv)
  2 wolf simulacra (IceCv)
  A killer bee zombie (D:5)
  A howler monkey zombie (D:5)
  7 gnolls
  5 adders
  An ufetubus (IceCv)
  An adder zombie (D:5)
  2 worms
  6 dart slugs
  85 orcs
  9 ball pythons
  14 bats
  6 endoplasms
  3 giant cockroaches
  10 goblins
  10 hobgoblins
  6 jackals
  26 kobolds
  5 quokkas
  7 frilled lizards
  11 rats
  A butterfly (Lair:1)
1418 creatures vanquished.

Vanquished Creatures (collateral kills)
  An orc warlord (Bailey)
  An ironbound preserver (Vaults:4)
  A fire dragon (Shoals:4)
  A merfolk javelineer (Shoals:3)
  2 merfolk impalers (Shoals:3)
  An ironbound frostheart (Vaults:3)
  A peacekeeper (Vaults:4)
  2 merfolk avatars
  A satyr (Shoals:4)
  2 death yaks (Lair:5)
  A death knight (D:10)
  A dancing weapon (Elf:2)
  A tengu warrior (D:10)
  A deep elf knight (Elf:2)
  A sea snake (Shoals:4)
  An orb spider (Spider:4)
  A wizard (Vaults:1)
  2 deep trolls (Vaults:4)
  An ironbound convoker (Vaults:1)
  3 deep elf pyromancers
  3 deep elf zephyrmancers (Elf:2)
  An oklob plant (D:11)
  A lindwurm (Vaults:1)
  An ugly thing (Vaults:4)
  A cyclops (D:10)
  7 fauns
  A moth of wrath (Spider:2)
  A salamander (Vaults:3)
  2 manticores
  A water nymph (Shoals:4)
  A black mamba (Lair:5)
  A vault sentinel (Vaults:1)
  2 molten gargoyles (Lair:5)
  A cane toad (Lair:5)
  An anaconda simulacrum (IceCv)
  4 ice devils (IceCv)
  2 freezing wraiths (IceCv)
  A tyrant leech (Shoals:4)
  A troll (Orc:1)
  2 meliai (Spider:2)
  7 merfolk
  A tarantella (Spider:2)
  A wind drake (Shoals:4)
  2 snapping turtles (Shoals:3)
  A jumping spider (Spider:4)
  A dire elephant simulacrum (IceCv)
  2 water elementals (Shoals:2)
  A death yak simulacrum (IceCv)
  2 basilisks (Lair:5)
  An acid dragon (Orc:2)
  An orc warrior (Orc:1)
  A gnoll sergeant (D:10)
  2 cane toad simulacra (IceCv)
  A two-headed ogre simulacrum (IceCv)
  A howler monkey (Orc:2)
  An electric eel (Spider:4)
  A lava snake (Lair:5)
  A hound (D:4)
  2 polar bear simulacra (IceCv)
  A spriggan simulacrum (IceCv)
  2 wolf simulacra (IceCv)
  An adder (D:4)
  10 gnolls
  A white imp (IceCv)
  An ufetubus (IceCv)
  7 orcs
  A kobold (D:4)
115 creatures vanquished.

Vanquished Creatures (others)
  A deep elf pyromancer (D:12)
  A deep elf zephyrmancer (Vaults:5)
  A wolf (Lair:5)
  An orc (Orc:2)
  11 fungi
  165 plants
180 creatures vanquished.

Grand Total: 1713 creatures vanquished

Notes
Turn   | Place    | Note
-------+----------+-------------------------------------------
     0 | D:1      | Anothat the Formicid Fighter began the quest for the Orb.
     0 | D:1      | Reached XP level 1. HP: 18/18 MP: 1/1
   144 | D:1      | Reached XP level 2. HP: 24/24 MP: 2/2
   452 | D:1      | Reached XP level 3. HP: 12/30 MP: 3/3
   726 | D:1      | Found a faded altar of an unknown god.
   751 | D:1      | Prayed at the altar of an unknown god.
   751 | D:1      | Became a worshipper of Nemelex Xobeh the Trickster
   751 | D:1      | Reached * piety under Nemelex Xobeh
  1136 | D:1      | Received a gift from Nemelex Xobeh
  1294 | D:2      | Found Vyacol's Antique Armour Emporium.
  1319 | D:2      | You fall into a shaft and drop 1 floor!
  1323 | D:3      | Received a gift from Nemelex Xobeh
  1335 | D:3      | Reached XP level 4. HP: 37/37 MP: 4/4
  1358 | D:3      | Reached ** piety under Nemelex Xobeh
  1548 | D:2      | Reached skill level 5 in Shields
  2052 | D:2      | Reached XP level 5. HP: 32/42 MP: 5/5
  2483 | D:3      | Found a runed translucent gate.
  2483 | D:3      | Found a runed translucent gate.
  2483 | D:3      | Found a runed translucent gate.
  2483 | D:3      | Noticed diceflayer's ghost (amateur DsFi)
  2764 | D:3      | Reached *** piety under Nemelex Xobeh
  2826 | D:3      | Found a blossoming altar of Fedhas.
  2908 | D:3      | Reached XP level 6. HP: 49/49 MP: 6/6
  3498 | D:4      | Reached skill level 5 in Fighting
  3498 | D:4      | Reached skill level 6 in Shields
  3503 | D:4      | Reached XP level 7. HP: 51/56 MP: 7/7
  3790 | D:4      | Found a glowing drain.
  3815 | Sewer    | Entered a sewer
  3977 | Sewer    | Noticed a water moccasin
  3990 | Sewer    | Killed a water moccasin
  3991 | Sewer    | Reached skill level 7 in Shields
  4204 | D:4      | Found Nuibb's Assorted Antiques.
  4227 | D:4      | Bought a runed broad axe for 140 gold pieces
  4228 | D:4      | Found a staircase to the Ecumenical Temple.
  4582 | D:5      | Entered Level 5 of the Dungeon
  4603 | D:5      | Reached skill level 1 in Invocations
  4638 | D:5      | Received a gift from Nemelex Xobeh
  4669 | D:5      | Reached skill level 5 in Axes
  4669 | D:5      | Reached XP level 8. HP: 63/64 MP: 8/8
  5025 | D:5      | Reached skill level 8 in Shields
  5103 | D:5      | Found a broken altar of Ashenzari.
  5106 | D:5      | Found a snail-covered altar of Cheibriados.
  5214 | D:5      | Reached XP level 9. HP: 72/72 MP: 10/12
  5509 | D:5      | Noticed a two-headed ogre
  5553 | D:5      | Reached skill level 9 in Shields
  5565 | D:5      | Killed a two-headed ogre
  5566 | D:5      | Reached skill level 5 in Invocations
  5700 | D:5      | Reached **** piety under Nemelex Xobeh
  6084 | D:6      | Reached XP level 10. HP: 55/80 MP: 14/14
  6284 | D:6      | Reached skill level 10 in Shields
  6342 | D:6      | Received a gift from Nemelex Xobeh
  7309 | D:7      | Received a gift from Nemelex Xobeh
  7406 | D:7      | Identified the +7 sling "Fepus" {flame, rC+ rCorr Str-4}
  7900 | D:8      | Noticed a two-headed ogre
  7903 | D:8      | Killed a two-headed ogre
  7909 | D:8      | Reached skill level 11 in Shields
  8077 | D:8      | Found a flagged portal.
  8106 | Bailey   | Entered a bailey
  8115 | Bailey   | Noticed an orc warlord
  8143 | Bailey   | Reached ***** piety under Nemelex Xobeh
  8447 | Bailey   | Found a runed translucent gate.
  8448 | Bailey   | Found a runed translucent gate.
  8450 | Bailey   | Found a runed translucent gate.
  8546 | Bailey   | Identified a scroll of acquirement
  8546 | Bailey   | Acquired a manual of Shields
  8658 | Bailey   | Killed an orc warlord
  8659 | Bailey   | Reached XP level 11. HP: 69/90 MP: 15/17
  8808 | D:8      | Acquired a +0 tower shield of protection
  9088 | D:8      | Reached skill level 12 in Shields
  9258 | D:8      | Received a gift from Nemelex Xobeh
  9348 | D:8      | Noticed Maggie
  9374 | D:8      | Killed Maggie
  9375 | D:8      | Reached skill level 10 in Fighting
 10497 | D:9      | Noticed a two-headed ogre
 10503 | D:9      | Noticed a glowing orange brain
 10503 | D:9      | a two-headed ogre changed into a glowing orange brain
 10511 | D:9      | Killed a glowing orange brain
 10654 | D:9      | Reached skill level 10 in Axes
 10654 | D:9      | Reached skill level 15 in Shields
 10654 | D:9      | Reached skill level 10 in Invocations
 10654 | D:9      | Reached XP level 12. HP: 100/100 MP: 17/19
 10871 | D:9      | Found a runed translucent gate.
 10872 | D:9      | Found a runed translucent gate.
 10873 | D:9      | Found a runed translucent gate.
 10875 | D:9      | Noticed sanka's ghost (novice TrCA)
 11439 | D:9      | Found a shadowy altar of Dithmenos.
 11439 | D:9      | Found a glowing golden altar of the Shining One.
 12193 | D:10     | Entered Level 10 of the Dungeon
 12332 | D:10     | Received a gift from Nemelex Xobeh
 12352 | D:10     | Noticed a death knight
 12358 | D:10     | Killed a death knight
 12360 | D:10     | Noticed a tengu warrior
 12362 | D:10     | Killed a tengu warrior
 12363 | D:10     | Reached skill level 16 in Shields
 12635 | D:10     | Received a gift from Nemelex Xobeh
 12804 | D:10     | Noticed Sonja
 12821 | D:10     | Killed Sonja
 13056 | D:10     | Received a gift from Nemelex Xobeh
 13146 | D:10     | Reached XP level 13. HP: 83/108 MP: 21/21
 13424 | D:11     | Found a staircase to the Lair.
 13700 | D:11     | Found a staircase to the Orcish Mines.
 13814 | D:11     | Reached skill level 17 in Shields
 14607 | Lair:1   | Entered Level 1 of the Lair of Beasts
 14681 | Lair:1   | Found an opulent altar of Gozag.
 14753 | Lair:1   | Reached ****** piety under Nemelex Xobeh
 15058 | Lair:1   | Received a gift from Nemelex Xobeh
 15064 | Lair:1   | Noticed a five-headed hydra
 15068 | Lair:1   | Killed a five-headed hydra
 15383 | Lair:2   | Found a staircase to the Shoals.
 15398 | Lair:2   | Reached skill level 5 in Armour
 15398 | Lair:2   | Reached skill level 18 in Shields
 15532 | Lair:2   | Found a frozen archway.
 15538 | Lair:2   | Noticed Fannar
 15553 | Lair:2   | Killed Fannar
 15573 | IceCv    | Entered an ice cave
 15573 | IceCv    | Received a gift from Nemelex Xobeh
 15741 | IceCv    | Identified the +0 trident of Raggymegie {vorpal, rPois
                  | Int+5 Dex+4}
 15844 | IceCv    | Found an ancient bone altar of Kikubaaqudgha.
 15877 | IceCv    | Reached XP level 14. HP: 52/118 MP: 22/22
 16530 | IceCv    | Reached skill level 19 in Shields
 16557 | IceCv    | Identified the ring of Duesonyu {+Blink rN+ Str+4 SInv
                  | Stlth-}
 16831 | Lair:2   | Received a gift from Nemelex Xobeh
 17234 | Lair:2   | Found a hole to the Spider Nest.
 17273 | Lair:2   | Received a gift from Nemelex Xobeh
 17273 | Lair:2   | Identified the +5 buckler of Heminema {Will- Regen+ Str+8
                  | Stlth-}
 17861 | Lair:3   | Received a gift from Nemelex Xobeh
 18058 | Lair:3   | Noticed a bunyip
 18058 | Lair:3   | an eight-headed hydra changed into a bunyip
 18058 | Lair:3   | a bunyip changed into a tarantella
 18468 | Lair:4   | Found a staircase to the Slime Pits.
 18492 | Lair:4   | Reached skill level 20 in Shields
 18508 | Lair:4   | Found a viscous altar of Jiyva.
 18509 | Lair:4   | Received a gift from Nemelex Xobeh
 19036 | Lair:4   | Received a gift from Nemelex Xobeh
 19217 | Lair:5   | Entered Level 5 of the Lair of Beasts
 19456 | Lair:5   | Reached XP level 15. HP: 49/127 MP: 15/23
 19902 | Lair:5   | Received a gift from Nemelex Xobeh
 20246 | Lair:5   | Found a large runed translucent door.
 20246 | Lair:5   | Found a large runed translucent door.
 21178 | Orc:1    | Entered Level 1 of the Orcish Mines
 21183 | Orc:1    | Reached skill level 21 in Shields
 21194 | Orc:1    | Reached skill level 15 in Fighting
 21260 | Orc:1    | Noticed Erica
 21276 | Orc:1    | Killed Erica
 21330 | Orc:1    | Reached skill level 15 in Axes
 21490 | Orc:1    | Received a gift from Nemelex Xobeh
 21621 | Orc:2    | Entered Level 2 of the Orcish Mines
 21685 | Orc:2    | Noticed an orc warlord
 21695 | Orc:2    | Killed an orc warlord
 21880 | Orc:2    | Found Paowah's Distillery.
 21889 | Orc:2    | Gained mutation: You are agile. (Dex +4, Str/Int -1)
                  | [potion of mutation]
 21889 | Orc:2    | Gained mutation: Your body sometimes deteriorates upon
                  | taking damage. [potion of mutation]
 21889 | Orc:2    | Gained mutation: You occasionally lose the ability to drink
                  | potions when taking damage. [potion of mutation]
 21891 | Orc:2    | Lost mutation: You are agile. (Dex +4, Str/Int -1) [potion
                  | of mutation]
 21891 | Orc:2    | Lost mutation: Your body sometimes deteriorates upon taking
                  | damage. [potion of mutation]
 21891 | Orc:2    | Lost mutation: You occasionally lose the ability to drink
                  | potions when taking damage. [potion of mutation]
 21891 | Orc:2    | Gained mutation: You occasionally lose the ability to read
                  | scrolls when taking damage. [potion of mutation]
 21891 | Orc:2    | Lost mutation: You occasionally lose the ability to read
                  | scrolls when taking damage. [potion of mutation]
 21891 | Orc:2    | Gained mutation: Your body sometimes deteriorates upon
                  | taking damage. [potion of mutation]
 21892 | Orc:2    | Lost mutation: Your body sometimes deteriorates upon taking
                  | damage. [potion of mutation]
 21892 | Orc:2    | Gained mutation: Your muscles are strong. (Str +4, Int/Dex
                  | -1) [potion of mutation]
 21892 | Orc:2    | Gained mutation: You have sharp toenails. [potion of
                  | mutation]
 21972 | Orc:2    | Gained mutation: You are frail. (-10% HP) [a neqoxec]
 22018 | Orc:2    | Noticed an orc warlord
 22054 | Orc:2    | Killed an orc warlord
 22117 | Orc:2    | Reached XP level 16. HP: 84/122 MP: 24/24
 22124 | Orc:2    | Noticed Azrael
 22141 | Orc:2    | HP: 6/122 [Azrael/fireball (38)]
 22142 | Orc:2    | Banished Azrael
 22464 | Orc:2    | Found Woucegh's General Store.
 22465 | Orc:2    | Found Rettam's Jewellery Shoppe.
 22467 | Orc:2    | Found Jilof's Antique Armour Emporium.
 22467 | Orc:2    | Found Hopnyfo's Antique Weapon Emporium.
 22483 | Orc:2    | Bought a ring of poison resistance for 300 gold pieces
 22495 | Orc:2    | Bought a runed scarf for 272 gold pieces
 22495 | Orc:2    | Bought a glowing cloak for 255 gold pieces
 22505 | Orc:2    | Bought a pitted chain mail for 323 gold pieces
 22505 | Orc:2    | Identified the +0 chain mail "Ibbaycwe" {rPois rC- Regen+
                  | Str+2} (You bought it in a shop on level 2 of the Orcish
                  | Mines)
 22728 | Orc:2    | Found a staircase to the Elven Halls.
 23203 | Spider:1 | Entered Level 1 of the Spider Nest
 23539 | Spider:1 | Received a gift from Nemelex Xobeh
 24205 | Spider:1 | Reached skill level 22 in Shields
 24309 | Spider:1 | Received a gift from Nemelex Xobeh
 25113 | Spider:2 | Noticed Nikola
 25136 | Spider:2 | Killed Nikola
 25142 | Spider:2 | Identified the +2 trident "Epaetsuk" {vamp, Str+4}
 25256 | Spider:2 | Received a gift from Nemelex Xobeh
 25357 | Spider:2 | Reached XP level 17. HP: 111/130 MP: 0/25
 25632 | Spider:2 | Noticed Agnes
 25635 | Spider:2 | Killed Agnes
 26081 | Spider:3 | Received a gift from Nemelex Xobeh
 26087 | Spider:3 | Noticed Arachne
 26108 | Spider:3 | Killed Arachne
 26298 | Spider:3 | Noticed Jorgrun
 26305 | Spider:3 | Noticed Jorgrun
 26305 | Spider:3 | Jorgrun changed into Jorgrun the minotaur
 26326 | Spider:3 | Killed Jorgrun the minotaur
 27016 | Spider:4 | Entered Level 4 of the Spider Nest
 27022 | Spider:4 | Received a gift from Nemelex Xobeh
 27449 | Spider:4 | Gained mutation: You have hidden genetic defects.
                  | [mutagenic glow]
 28141 | Spider:4 | Gained mutation: You are very frail. (-20% HP) [hidden
                  | defects]
 28142 | Spider:4 | Lost mutation: You have sharp toenails. [potion of
                  | mutation]
 28142 | Spider:4 | Lost mutation: Your muscles are strong. (Str +4, Int/Dex
                  | -1) [potion of mutation]
 28142 | Spider:4 | Lost mutation: You have hidden genetic defects. [potion of
                  | mutation]
 28142 | Spider:4 | Gained mutation: Your system is resistant to poisons.
                  | (rPois) [potion of mutation]
 28142 | Spider:4 | Gained mutation: You occasionally lose the ability to drink
                  | potions when taking damage. [potion of mutation]
 28143 | Spider:4 | Lost mutation: Your system is resistant to poisons. (rPois)
                  | [potion of mutation]
 28143 | Spider:4 | Lost mutation: You are very frail. (-20% HP) [potion of
                  | mutation]
 28143 | Spider:4 | Lost mutation: You occasionally lose the ability to drink
                  | potions when taking damage. [potion of mutation]
 28143 | Spider:4 | Gained mutation: You are somewhat resistant to further
                  | mutation. [potion of mutation]
 28335 | Spider:4 | Reached skill level 23 in Shields
 28369 | Spider:4 | Reached XP level 18. HP: 61/141 MP: 26/26
 28474 | Spider:4 | Got a gossamer rune of Zot
 28802 | Elf:1    | Entered Level 1 of the Elven Halls
 28972 | Elf:1    | Received a gift from Nemelex Xobeh
 29192 | Elf:1    | Reached skill level 10 in Armour
 29413 | Elf:1    | Found Teejazaq's Armour Boutique.
 29722 | Elf:1    | Received a gift from Nemelex Xobeh
 30158 | Elf:2    | Found a runed translucent gate.
 30164 | Elf:2    | Found a runed translucent gate.
 30165 | Elf:2    | Found a runed translucent gate.
 30173 | Elf:2    | Found Duficot's Jewellery Shop.
 30180 | Elf:2    | Bought the amulet of Acaebbea {Reflect -Tele Dex+4 Slay+2
                  | SH+5} for 702 gold pieces
 30661 | Elf:2    | Noticed a deep elf blademaster
 30670 | Elf:2    | Killed a deep elf blademaster
 31047 | Elf:2    | Received a gift from Nemelex Xobeh
 31458 | Shoals:1 | Entered Level 1 of the Shoals
 31856 | Shoals:1 | Received a gift from Nemelex Xobeh
 32061 | Shoals:2 | Found Laqegiot's Weapon Emporium.
 32423 | Shoals:2 | Reached XP level 19. HP: 116/150 MP: 27/27
 32664 | Shoals:2 | Identified the +0 pair of gloves of Gehenna {Int+4 Stlth+}
 32715 | Shoals:3 | Received a gift from Nemelex Xobeh
 33450 | Shoals:4 | Entered Level 4 of the Shoals
 33463 | Shoals:4 | Identified the -1 hand axe of Liucabb {venom, Will+}
 33512 | Shoals:4 | Reached skill level 24 in Shields
 33788 | Shoals:4 | Got a barnacled rune of Zot
 34131 | D:12     | Received a gift from Nemelex Xobeh
 34470 | D:12     | Received a gift from Nemelex Xobeh
 35311 | D:13     | Noticed Rupert
 35314 | D:13     | Killed Rupert
 35366 | D:13     | Noticed Kirke
 35380 | D:13     | Killed Kirke
 35730 | D:13     | Received a gift from Nemelex Xobeh
 35967 | D:13     | Found a gate to the Vaults.
 36419 | D:14     | Found a huge runed translucent gate.
 36419 | D:14     | Found a huge runed translucent gate.
 36419 | D:14     | Found a huge runed translucent gate.
 36420 | D:14     | Found a huge runed translucent gate.
 36508 | D:14     | Received a gift from Nemelex Xobeh
 37204 | D:15     | Entered Level 15 of the Dungeon
 37204 | D:15     | Received a gift from Nemelex Xobeh
 37492 | D:15     | Reached XP level 20. HP: 144/157 MP: 28/28
 37528 | D:15     | Found a staircase to the Depths.
 37599 | D:15     | Received a gift from Nemelex Xobeh
 37836 | D:15     | Received a gift from Nemelex Xobeh
 37895 | D:15     | Noticed Josephine
 37903 | D:15     | Killed Josephine
 38752 | Vaults:1 | Entered Level 1 of the Vaults
 39595 | Vaults:1 | Found Muinangiog's Antique Armour Shop.
 40288 | Vaults:1 | Received a gift from Nemelex Xobeh
 40649 | Vaults:1 | Found Gokuza Alewn's Distillery.
 40658 | Vaults:1 | Bought a potion of curing for 51 gold pieces
 40658 | Vaults:1 | Bought a potion of invisibility for 136 gold pieces
 40658 | Vaults:1 | Bought a potion of heal wounds for 85 gold pieces
 40679 | Vaults:1 | Found Ilaromop's Distillery.
 40682 | Vaults:1 | Bought a potion of curing for 54 gold pieces
 40682 | Vaults:1 | Bought a potion of curing for 54 gold pieces
 41308 | Vaults:2 | Noticed Boris
 41317 | Vaults:2 | Killed Boris
 41318 | Vaults:2 | Reached skill level 25 in Shields
 41615 | Vaults:2 | Received a gift from Nemelex Xobeh
 41735 | Vaults:2 | Noticed Xtahua
 41737 | Vaults:2 | Noticed Xtahua
 41737 | Vaults:2 | Xtahua changed into Xtahua the titan
 41741 | Vaults:2 | Killed Xtahua the titan
 41870 | Vaults:2 | Reached XP level 21. HP: 169/169 MP: 29/29
 42888 | Vaults:3 | Found a crumbling gateway.
 42890 | Vaults:3 | Found a glowing golden altar of the Shining One.
 42890 | Vaults:3 | Found a glowing silver altar of Zin.
 42890 | Vaults:3 | Found a white marble altar of Elyvilon.
 42902 | Vaults:3 | Received a gift from Nemelex Xobeh
 43409 | Vaults:3 | Received a gift from Nemelex Xobeh
 43731 | Vaults:3 | Found Vuim's Jewellery Emporium.
 43759 | Vaults:3 | Bought the ring "Riut Doi" {rC+ rN+ rCorr MP+9} for 1027
                  | gold pieces
 44513 | Vaults:3 | Found a staircase to the Crypt.
 44544 | Vaults:3 | Got the Octavo of Excruciating Transfiguration
 44870 | Vaults:3 | Received a gift from Nemelex Xobeh
 45075 | Vaults:4 | Reached XP level 22. HP: 133/180 MP: 30/30
 46186 | Vaults:4 | Reached skill level 26 in Shields
 46477 | Vaults:4 | Reached skill level 15 in Armour
 46831 | Vaults:4 | Identified the amulet "Ahemillu" {Acrobat Fragile +Blink
                  | rElec Dex-5}
 47121 | Vaults:4 | Received a gift from Nemelex Xobeh
 47248 | Vaults:4 | Noticed Bai Suzhen
 47249 | Vaults:4 | Noticed Bai Suzhen
 47249 | Vaults:4 | Bai Suzhen changed into Bai Suzhen the rockslime
 47254 | Vaults:4 | Killed Bai Suzhen the rockslime
 47994 | Vaults:5 | Entered Level 5 of the Vaults
 49021 | Vaults:4 | Reached XP level 23. HP: 169/185 MP: 31/31
 49063 | Vaults:5 | Noticed Sojobo
 50087 | Vaults:4 | Killed Sojobo
 50310 | Vaults:5 | Noticed an ancient lich
 50723 | Vaults:5 | Identified the amulet of Oppuc {Reflect rElec rPois Str-2
                  | SH+5 Stlth+}
 50726 | Vaults:4 | Slain by an ettin

Illustrated notes

Levels and vault maps discovered:
D:1:      ncdulo_watergridlock, layout_basic,
          dreamdust_ecumenical_altar_angels_and_demons, minmay_three_crescents
D:2:      layout_loops_corners, serial_shops, shop
D:3:      layout_basic, general_overflow_altar, ebering_ghost_rock_garden,
          serial_bayou_lake_a
D:4:      layout_rooms, minmay_temple_entry_trees, portal_sewer_entry_c,
          serial_shops, shop
D:5:      minmay_clustersquares, layout_loops_ring,
          gammafunk_temple_overflow_statue, serial_undead, serial_undead_e,
          serial_undead_d, serial_undead_a, serial_undead_d
D:6:      layout_loops_ring, corexii_item_surrounded_by_moat,
          grunt_decor_one_mirror
D:7:      layout_cave_pools
D:8:      layout_basic, enter_bailey_2, st_stairs_11, uniq_maggie
D:9:      layout_loops_ring, gammafunk_temple_overflow_elements,
          gammafunk_ghost_nasty_kobolds
D:10:     minmay_bloctagon_deflated, layout_irregular_city, uniq_sonja
D:11:     cheibrodos_statue_roulette, layout_rooms, dpeg_oklobed_lair,
          erik_orc_1
D:12:     layout_basic
D:13:     layout_cave_pools, hangedman_vaults_entry_quadrant_bands,
          hangedman_decor_riveting, uniq_kirke, uniq_rupert
D:14:     lemuel_bear_cage, layout_basic, serial_glass, glass_columns_b,
          glass_columns_a
D:15:     grunt_enter_depths_magical_seal, layout_basic, uniq_josephine
Lair:1:   layout_gridlike, basic_altar, lemuel_fruit_fields
Lair:2:   layout_cave_pods, shoals_dummy_entry,
          nicolae_spider_entry_tight_spaces, portal_ice_cave_entry_pillars_2,
          nicolae_lair_liquid_snakes, grunt_megastairs_4, uniq_fannar
Lair:3:   layout_misc_corridors, serial_bayou_shore_a
Lair:4:   layout_hall_layers, slime_entry_1, guppyfry_lair_drakes,
          lemuel_fruit_tree
Lair:5:   cheibrodos_lair_end_hotspot, layout_layer_cave
Shoals:1: layout_shoals
Shoals:2: layout_shoals, serial_shops, nicolae_shop_bloodbath_and_beyond
Shoals:3: layout_shoals, st_sunken_huts
Shoals:4: shoals_end_grunt_garden, layout_shoals, lemuel_oklob_altar
Spider:1: layout_spider_delve, nicolae_spider_checkerboard
Spider:2: layout_spider_delve, uniq_nikola, uniq_agnes
Spider:3: layout_spider_delve, drop_trap, nicolae_spider_eight_legs,
          hangedman_spider_tarantella_strand, uniq_jorgrun, uniq_arachne
Spider:4: spider_rune_water
Orc:1:    layout_caves, nicolae_orc_rockfall, uniq_erica
Orc:2:    st_orc_congregation, layout_diamond_mine, serial_shops, shop,
          uniq_azrael
Elf:1:    eino_elf_arrival_customs, layout_loops_cross, serial_shops,
          shop_fountains, hangedman_elf_disciples, drop_trap,
          einodemon_crawler_minivault
Elf:2:    elven_hall_of_blades_hangedman_original
          [nicolae_blade_entry_diamond_columns], layout_loops_corners,
          serial_shops, shop, shop_statue, nicolae_shop_statue_plus,
          nicolae_shop_advertising_works [nicolae_subvault_shop_adworks]
Vaults:1: ontoclasm_vaults_gallery, v_alt_pattern_3, grunt_vaults_twisty,
          nicolae_vaults_little_squares_1, vaults_dpeg_spiral, v_pattern_1,
          ontoclasm_vaults_loading_screen, vaults_dpeg_cross,
          nicolae_vaults_network_square, layout_vaults_maze_bifur, serial_shops,
          shop_statue, shop, nicolae_shop_hallway_stairs
Vaults:2: ontoclasm_vaults_twist, vaults_room_pool, vaults_room_pools,
          grunt_vaults_focal, hangedman_vaults_nodes, v_misc_24,
          vaults_dpeg_encased_lava, grunt_vaults_hallway_long, v_misc_13,
          vaults_dpeg_hooks, v_rooms_6, nicolae_vaults_three_branches,
          layout_vaults_big_room, uniq_boris, uniq_xtahua
Vaults:3: portal_desolation_entry_holy_temple, nicolae_vaults_border_crossing,
          ontoclasm_vaults_ligature, st_star, minmay_crypt_entry_simple_plaza,
          nicolae_vaults_little_squares_6, grunt_vaults_funnel,
          hangedman_vaults_snaps, nicolae_vaults_little_squares_6, v_misc_12,
          v_pattern_3, v_rooms_6, layout_vaults_big_cross, serial_shops, shop,
          uniq_margery
Vaults:4: hangedman_vaults_restitches, nicolae_vaults_triangles,
          ontoclasm_vaults_ring_small, v_misc_13, v_misc_31,
          nicolae_vaults_network_star, v_rooms_1, nicolae_vaults_ninety_degrees,
          ontoclasm_vaults_ring_large, serial_ice_m, v_alt_pattern_3,
          ontoclasm_vaults_shout, vaults_room_door_ring,
          ontoclasm_vaults_hangar, layout_vaults_omnibox, uniq_bai_suzhen
Vaults:5: uniq_sojobo, uniq_jory

Skill      XL: |  1  2  3  4  5  6  7  8  9 10 11 12 13 14 15 16 17 18 19 20 21 22 |
---------------+-------------------------------------------------------------------+-----
Fighting       | 4 5 6 7 8 9 11 12 13 14 15 16 18 19 20 21 23 24 | 24.4
Shields        | 5 6 7 8 9 11 15 16 18 20 21 22 23 24 25 26 | 26.6
Axes           | 3 4 5 6 7 8 10 11 13 15 16 17 18 19 20 | 20.5
Invocations    | 1 4 6 8 10 11 | 11.7
Armour         | 6 8 9 11 12 13 14 15 | 15.8

Action                   |  1- 3 |  4- 6 |  7- 9 | 10-12 | 13-15 | 16-18 | 19-21 | 22-24 || total
-------------------------+-------+-------+-------+-------+-------+-------+-------+-------++-------
Melee: War axe           |    99 |   123 |    51 |       |       |       |       |       ||   273
       Broad axe         |       |       |   158 |   115 |       |       |       |       ||   273
       Battleaxe         |       |       |       |   196 |   804 |  1003 |   941 |   307 ||  3251
Invok: Draw Destruction  |       |     3 |     8 |    23 |    53 |    20 |    41 |     8 ||   156
       Draw Summoning    |       |     1 |     1 |     3 |    17 |     7 |     7 |     6 ||    42
       Deal Four         |       |       |       |       |     3 |     3 |     7 |     6 ||    19
       Draw Escape       |       |       |       |       |     1 |     1 |       |       ||     2
 Abil: Dig               |       |       |       |       |       |     1 |       |       ||     1
Evoke: Wand              |       |       |       |     6 |    17 |    15 |       |       ||    38
       Phantom mirror    |       |       |       |       |       |     2 |       |     1 ||     3
       Condenser vane    |       |       |       |       |       |     1 |       |     1 ||     2
  Use: Scroll            |       |     7 |     4 |    14 |     8 |     3 |     1 |       ||    37
       Potion            |       |       |       |     2 |    11 |    14 |     6 |    12 ||    45
 Stab: Distracted        |       |       |       |     1 |     2 |       |     2 |       ||     5
       Invisible         |       |       |       |       |       |     7 |       |     4 ||    11
       Paralysed         |       |       |       |       |       |     2 |       |       ||     2
       Petrifying        |       |       |       |       |       |     1 |       |       ||     1
Armor: Scale mail        |    53 |    75 |    32 |       |       |       |       |       ||   160
       Chain mail        |       |       |    90 |     4 |       |       |       |       ||    94
       Plate armour      |       |       |       |   152 |   385 |   362 |   136 |       ||  1035
       Fire dragon scale |       |       |       |       |       |       |    59 |   101 ||   160
Dodge: Dodged            |    55 |    77 |    78 |    75 |   143 |   191 |   109 |    67 ||   795
Block: Buckler           |    40 |    39 |    63 |    37 |       |       |       |       ||   179
       Tower shield      |       |       |       |   259 |  1031 |  1097 |  1000 |   422 ||  3809
       Reflection        |       |       |       |       |       |    37 |   117 |    49 ||   203
